 Dungeon Sprint DCSS version 0.27-a0-277-g024f7ef292 (webtiles) character file.

Game seed: 11078973696420820780

15556 mhtbhm the Severer (level 12, -10/122 HPs)
             Began as a Minotaur Fighter on Feb 6, 2021.
             Was the Champion of Trog.
             Mangled by a vampire knight
             ... wielding a +0 great sword
              (28 damage)
             ... in the Dungeon (Sprint VII: "The Pits").
             The game lasted 00:03:55 (2205 turns).

mhtbhm the Severer (Minotaur Fighter)               Turns: 2205, Time: 00:03:57

Health: -10/122    AC: 19    Str: 26    XL:     12   Next: 2%
Magic:  3/3        EV: 15    Int:  8    God:    Trog [******]
Gold:   0          SH: 15    Dex: 10    Spells: 11/11 levels left

rFire    . . .     SeeInvis .   a - +3 broad axe (antimagic)
rCold    . . .     Faith    .   c - +0 kite shield
rNeg     . . .     Spirit   .   b - +4 chain mail
rPois    .         Reflect  .   (helmet restricted)
rElec    .         Harm     .   r - +0 cloak
rCorr    .         Rampage  .   (no gloves)
Will     .....     NoTele   +   (no boots)
Stlth    ..........             (no amulet)
HPRegen  0.30/turn              o - +3 ring of intelligence
MPRegen  0.08/turn              p - +3 ring of evasion

@: berserk cooldown, slowed, very slow
A: retaliatory headbutt, horns 2
a: Renounce Religion, Berserk, Trog's Hand, Brothers in Arms


You were in the Dungeon.
You worshipped Trog.
Trog was exalted by your worship.
You visited 1 branch

Inventory:

Hand Weapons
 a - a +3 antimagic broad axe (weapon)
 s - a +1 executioner's axe
Armour
 b - a +4 chain mail (worn)
 c - a +0 kite shield (worn)
 r - a +0 cloak (worn)
Jewellery
 o - a +3 ring of intelligence (left hand)
 p - a +3 ring of evasion (right hand)
Wands
 n - a wand of polymorph (6)
Scrolls
 j - a scroll of blinking
 l - 3 scrolls of remove curse
 m - a scroll of summoning
Potions
 d - a potion of might
 e - 9 potions of curing
 f - 8 potions of heal wounds
 g - a potion of haste
 h - 4 potions of magic
 i - 4 potions of berserk rage
 k - 2 potions of invisibility
 q - a potion of mutation


   Skills:
 + Level 16.1 Fighting
 + Level 20.1 Axes
 + Level 15.0 Armour
 + Level 9.4 Dodging
 + Level 1.2 Stealth
 + Level 16.4 Shields


You had 11 spell levels left.
You didn't know any spells.
Your spell library was empty.

Dungeon Overview and Level Annotations

Branches:
Dungeon (1/1)

Altars:
Cheibriados
Dithmenos
Elyvilon
Fedhas
Gozag
Hepliaklqana
Makhleb
Nemelex Xobeh
Okawaru
Qazlal
Ru
Sif Muna
Trog
Vehumet
Wu Jian
Xom
Yredelemnul
Zin
The Shining One
Beogh
Jiyva
Lugonu


Innate Abilities, Weirdness & Mutations

You reflexively headbutt those who attack you in melee.
You have a pair of horns on your head.


Message History

Something draws strength from your injuries!
Unknown command.
You closely miss something. Your headbutt misses something.
Something barely misses you. You block something's attack.
Unknown command.
Your chain mail prevents you from hitting something.
Something hits you!
* * * LOW HITPOINT WARNING * * *
Something bites you but does no damage. The efreet gestures at you.
The bolt of fire hits something!!
The bolt of fire hits you.
* * * LOW HITPOINT WARNING * * *
Unknown command.
You feel much better.
Unholy energy fills the air.
* * * LOW HITPOINT WARNING * * *
The efreet gestures at you.
The bolt of fire hits something!
The bolt of fire hits you!
* * * LOW HITPOINT WARNING * * *
Something hits you!!
You die...

################### ##
########### .#
#.........# .# #.......#
. ## ####...######## #..
# ###..+...'..##..# ....
###....##'##.....# .....
.#....##...##....#w.....
)'÷...'.....)÷).@{Rn....
÷#....##...##....#h.....
###....##'##.....# .....
# ###..+...'..##..# ....
# ####...######## #.. .#
#..)....# . .#
#......†..# ##
###########


You could see an efreet, a necrophage, a worm and a hound.

Vanquished Creatures
  A Brimstone Fiend (D)
  A deep elf sorcerer (D)
  A boulder beetle (D)
  An anaconda (D)
  An orc high priest (D)
  A spriggan (D)
  2 fire crabs (D)
  A sea snake (D)
  A shadow wraith (D)
  A deep troll (D)
  2 unseen horrors (D)
  A lindwurm (D)
  A flayed ghost (D)
  An elephant (D)
  A smoke demon (D)
  An ice devil (D)
  A demonic crawler (D)
  A jumping spider (D)
  2 hornets (D)
  A snapping turtle (D)
  Grinder (D)
  5 blink frogs (D)
  A redback (D)
  A tarantella (D)
  An air elemental (D)
  2 vampire mosquitoes (D)
  A soldier ant (D)
  A warg (D)
  3 centaurs (D)
  5 wolves (D)
  A phantom (D)
  A big kobold (D)
  2 gnoll sergeants (D)
  A crimson imp (D)
  An iron imp (D)
  A gnoll shaman (D)
  A jelly (D)
  2 quasits (D)
  An orc priest (D)
  An orc wizard (D)
  A hell rat (D)
  3 mummies (D)
  5 gnolls (D)
  A river rat (D)
  A white imp (D)
  An ooze (D)
  An adder skeleton (D)
  A worm (D)
  4 orcs (D)
  2 bats (D)
  2 bat skeletons (D)
  A goblin (D)
  2 quokkas (D)
  A bat simulacrum (D)
  2 rats (D)
84 creatures vanquished.

Vanquished Creatures (others)
  A redback (D)
1 creature vanquished.

Grand Total: 85 creatures vanquished

Notes
Turn   | Place    | Note
-------+----------+-------------------------------------------
     0 | D        | mhtbhm the Minotaur Fighter began the quest for the Orb.
     0 | D        | Reached XP level 1. HP: 19/19 MP: 0/0
    20 | D        | Reached XP level 2. HP: 21/28 MP: 1/1
    98 | D        | Found a bloodstained altar of Trog.
    98 | D        | Found a shimmering blue altar of Sif Muna.
    98 | D        | Found a viscous altar of Jiyva.
    98 | D        | Found a hazy altar of Hepliaklqana.
    98 | D        | Found an opulent altar of Gozag.
    99 | D        | Found a glowing golden altar of the Shining One.
    99 | D        | Found a glowing silver altar of Zin.
    99 | D        | Found a basalt altar of Yredelemnul.
    99 | D        | Found a shimmering altar of Xom.
    99 | D        | Found an ornate altar of the Wu Jian Council.
    99 | D        | Found a sacrificial altar of Ru.
    99 | D        | Found a stormy altar of Qazlal.
    99 | D        | Found an iron altar of Okawaru.
    99 | D        | Found a sparkling altar of Nemelex Xobeh.
    99 | D        | Found a burning altar of Makhleb.
    99 | D        | Found a blossoming altar of Fedhas.
    99 | D        | Found a white marble altar of Elyvilon.
    99 | D        | Found a shadowy altar of Dithmenos.
    99 | D        | Found a snail-covered altar of Cheibriados.
   101 | D        | Found a radiant altar of Vehumet.
   101 | D        | Found a corrupted altar of Lugonu.
   101 | D        | Found a roughly hewn altar of Beogh.
   103 | D        | Became a worshipper of Trog the Wrathful
   161 | D        | Reached * piety under Trog
   162 | D        | Reached skill level 5 in Fighting
   162 | D        | Reached skill level 3 in Axes
   162 | D        | Reached skill level 5 in Armour
   162 | D        | Reached skill level 5 in Shields
   179 | D        | Reached ** piety under Trog
   182 | D        | Reached skill level 4 in Axes
   182 | D        | Reached XP level 3. HP: 37/37 MP: 2/2
   183 | D        | Reached XP level 4. HP: 45/45 MP: 3/3
   183 | D        | Reached *** piety under Trog
   290 | D        | Noticed a gnoll sergeant
   290 | D        | Noticed a phantom
   291 | D        | Noticed Grinder
   297 | D        | Reached skill level 5 in Axes
   302 | D        | Reached **** piety under Trog
   307 | D        | Killed Grinder
   308 | D        | Reached skill level 8 in Axes
   308 | D        | Reached skill level 1 in Dodging
   308 | D        | Reached XP level 5. HP: 56/56 MP: 4/4
   308 | D        | Reached XP level 6. HP: 62/62 MP: 5/5
   312 | D        | Reached skill level 9 in Axes
   312 | D        | Reached ***** piety under Trog
   316 | D        | Received a gift from Trog
   325 | D        | Reached skill level 10 in Axes
   450 | D        | Reached XP level 7. HP: 66/70 MP: 6/6
   451 | D        | Noticed an orc high priest
   459 | D        | Noticed a red devil
   459 | D        | Noticed a sun demon
   466 | D        | Killed an orc high priest
   467 | D        | Reached skill level 10 in Fighting
   467 | D        | Reached skill level 12 in Axes
   467 | D        | Reached skill level 10 in Shields
   467 | D        | Reached XP level 8. HP: 44/81 MP: 7/7
   672 | D        | Received a gift from Trog
   694 | D        | Reached skill level 13 in Axes
   874 | D        | Noticed a demonic crawler
   879 | D        | Received a gift from Trog
   881 | D        | Reached skill level 10 in Armour
   882 | D        | Reached skill level 5 in Dodging
   884 | D        | Killed a demonic crawler
   885 | D        | Reached skill level 14 in Axes
   885 | D        | Reached XP level 9. HP: 89/89 MP: 2/8
  1026 | D        | Noticed a deep elf sorcerer
  1026 | D        | Noticed a sea snake
  1032 | D        | Killed a sea snake
  1036 | D        | Killed a deep elf sorcerer
  1037 | D        | Reached skill level 16 in Axes
  1144 | D        | Received a gift from Trog
  1148 | D        | Reached XP level 10. HP: 99/100 MP: 3/9
  1238 | D        | Noticed a fire crab
  1244 | D        | Killed an unseen horror
  1249 | D        | Killed a fire crab
  1322 | D        | Noticed a Brimstone Fiend
  1339 | D        | Killed a Brimstone Fiend
  1340 | D        | Reached skill level 18 in Axes
  1536 | D        | Reached ****** piety under Trog
  1546 | D        | Noticed a smoke demon
  1551 | D        | Killed a smoke demon
  1552 | D        | Reached XP level 11. HP: 105/108 MP: 3/10
  1565 | D        | Noticed a boulder beetle
  1575 | D        | Received a gift from Trog
  1586 | D        | Killed a boulder beetle
  1587 | D        | Reached skill level 1 in Stealth
  1694 | D        | Reached skill level 19 in Axes
  1694 | D        | Reached skill level 15 in Shields
  1697 | D        | Received a gift from Trog
  1790 | D        | Killed an unseen horror
  1882 | D        | Noticed a spriggan rider
  1882 | D        | Noticed a fire crab
  1882 | D        | Noticed a flayed ghost
  1887 | D        | Received a gift from Trog
  1893 | D        | Killed a flayed ghost
  1894 | D        | Reached skill level 15 in Fighting
  1895 | D        | Killed a spriggan rider
  1896 | D        | Killed a shadow wraith
  1900 | D        | Killed a fire crab
  2170 | D        | Noticed a lindwurm
  2170 | D        | Noticed a deep troll
  2170 | D        | Noticed an anaconda
  2175 | D        | Noticed a vampire knight
  2179 | D        | Killed a deep troll
  2188 | D        | Killed an anaconda
  2189 | D        | Reached skill level 20 in Axes
  2191 | D        | Received a gift from Trog
  2197 | D        | Killed a lindwurm
  2198 | D        | Reached XP level 12. HP: 122/122 MP: 3/11
  2199 | D        | Reached skill level 15 in Armour
  2205 | D        | Mangled by a vampire knight

Illustrated notes

Levels and vault maps discovered:
D:        pitsprint [storerooms_1, entrance_room_1, metal_vault_2, armoury_2,
          mini_pit_1, grid_room_1, main_hall_1, silver_pit, the_coven_1,
          the_vestibule_1, steel_vault_2, golden_pit, hallway_of_sentries,
          crystal_vault_2, iron_vault_2, final_vault]

Skill      XL: |  1  2  3  4  5  6  7  8  9 10 11 12 |
---------------+-------------------------------------+-----
Fighting       | 4 6 8 9 10 11 12 13 16 | 16.1
Armour         | 4 5 6 7 8 9 10 11 12 14 15 | 15.0
Shields        | 4 5 6 8 9 10 11 12 14 16 | 16.4
Axes           | 4 8 10 12 14 16 18 20 | 20.1
Dodging        | 1 2 3 5 7 8 9 |  9.4
Stealth        | 1 |  1.2

Action                   |  1- 3 |  4- 6 |  7- 9 | 10-12 || total
-------------------------+-------+-------+-------+-------++-------
Melee: War axe           |     5 |       |       |       ||     5
       Headbutt          |     7 |     8 |    13 |    26 ||    54
       Hand axe          |    25 |    45 |    28 |       ||    98
       Broad axe         |       |       |    33 |   119 ||   152
Invok: Berserk           |     1 |     1 |     4 |     6 ||    12
  Use: Potion            |       |       |       |     3 ||     3
Armor: Scale mail        |    11 |    14 |     9 |       ||    34
       Chain mail        |       |       |    12 |    52 ||    64
Dodge: Dodged            |     6 |     7 |    24 |    43 ||    80
Block: Kite shield       |    13 |    19 |    33 |    77 ||   142

Table legend: (Time is in decaauts)
 A = Elapsed time spent in this place.
 B = Non-inter-level travel time spent in this place.
 C = Inter-level travel time spent in this place.
 D = Time resting spent in this place.
 E = Time spent auto-exploring this place.
 F = Levels seen in this place.
 G = Mean time per level.
                   A        B        C        D        E       F      G
               +--------+--------+--------+--------+--------+-----+--------+
         Total |   2290 |   2290 |      0 |   1415 |     70 |   1 | 2290.0 |
       Dungeon |   2290 |   2290 |      0 |   1415 |     70 |   1 | 2290.0 |
               +--------+--------+--------+--------+--------+-----+--------+

Top non-repeatable levels by time:
       D: 2290 daAuts
